 Dungeon Crawl Stone Soup version 0.18-a0-1702-gd20c6a5 (webtiles) character file.

1475 4thArraOfDagon the Cleaver (level 8, -10/73 HPs)
             Began as a Hill Orc Berserker on Apr 6, 2016.
             Was a Priest of Trog.
             Mangled by Erolcha
             ... wielding a +5 giant spiked club
              (31 damage)
             ... on level 8 of the Dungeon.
             The game lasted 00:05:59 (1658 turns).

4thArraOfDagon the Cleaver (Hill Orc Berserker)     Turns: 1658, Time: 00:06:00

Health: -10/73     AC: 12    Str: 20 (22) XL:     8   Next: 78%
Magic:  8/8        EV:  6    Int:  4 (7)  God:    Trog [***...]
Gold:   153        SH:  0    Dex:  7 (10) Spells: 0 memorised, 7 levels left

rFire  . . .     SeeInvis .     a - +0 hand axe
rCold  . . .     Gourm    .     v - +0 plate armour
rNeg   . . .     Faith    .     (no shield)
rPois  +         Spirit   .     (no helmet)
rElec  .         Dismiss  .     (no cloak)
rCorr  .         Reflect  .     (no gloves)
SustAt .         Harm     .     (no boots)
MR     ++...                    (no amulet)
Stlth  ..........               (no ring)
                                t - ring of poison resistance

@: confused, lethally poisoned (-10 -> -10), exhausted, regenerating, very
resistant to hostile enchantments, extremely unstealthy
A: no striking features
a: Berserk, Trog's Hand, Burn Spellbooks, Renounce Religion


You were on level 8 of the Dungeon.
You worshipped Trog.
Trog was most pleased with you.
You were not hungry.

You visited 1 branch of the dungeon, and saw 8 of its levels.
You also visited: Sewer.

You collected 153 gold pieces.

Inventory:

Hand Weapons
 a - a +0 hand axe (weapon)
 s - a +0 blowgun
Missiles
 l - 2 curare-tipped needles (quivered)
Armour
 v - a +0 plate armour (worn)
Jewellery
 t - a ring of poison resistance (left hand)
Scrolls
 d - a scroll of fog {unknown}
 e - 2 scrolls of teleportation {unknown}
 g - a scroll of identify {unknown}
 h - a scroll of remove curse {unknown}
 i - a scroll of immolation {unknown}
 k - 2 scrolls of recharging {unknown}
 q - a scroll of enchant armour {unknown}
Potions
 b - a potion of haste {unknown}
 j - a potion of heal wounds {unknown}
 m - a potion of curing
 p - 3 potions of degeneration
Books
 w - a book of Frost

   Spells                             Type                      Level
   a - Freeze                         Ice                          1
   b - Throw Frost                    Conjuration/Ice              2
   c - Ozocubu's Armour               Charms/Ice                   3
   d - Throw Icicle                   Conjuration/Ice              4
   e - Summon Ice Beast               Ice/Summoning                4
   Trog disapproves of the use of such an item.
Comestibles
 c - a bread ration
 f - 2 beef jerkies
 n - 7 fruits
 o - 4 chunks of flesh
 r - a slice of pizza


   Skills:
 + Level 7.1 Fighting
 * Level 10.9 Axes
 + Level 5.7 Armour
 - Level 1.5 Dodging
 + Level 0.3 Stealth


You had 7 spell levels left.
You didn't know any spells.

Dungeon Overview and Level Annotations

Branches:
Dungeon (8/15)             Temple (0/1) D:5
   Lair: D:8-11

Altars:
Makhleb
Qazlal

Shops:
D:7 }

Annotations:
D:8 Erolcha


Message History

You are poisoned.
You resist.
Unknown command.
You hit Erolcha.
Erolcha is moderately wounded.
You feel sick. Erolcha gestures at you while chanting.
The bolt of lightning hits you!
* * * LOW HITPOINT WARNING * * *
Unknown command.
Unknown command.
Drink which item? (? for menu, Esc to quit)
Okay, then.
Unknown command.
Drink which item? (? for menu, Esc to quit)
It was a potion of ambrosia.
You are confused.
You feel invigorated.
You feel sick.
Erolcha hits you with an enchanted giant spiked club!!
You die...

.......##.######.........
........#.# #.......#
........#.# #.......#
##....#...# #.......###
#.##.##..# #..........
#.##.##..######..........
#.##....>.......#####....
#.##......))...O.# ...
#.##.......)...@.# #
##.##.............#
#...#............##
#...#............#
#...#)...........#
#.[.#............#
#...#............#
.))[#################
....# #.....#


You could see Erolcha.

Vanquished Creatures
  Psyche (D:8)
  Purgy (Sewer)
  An orc warrior (D:8)
  2 ice beasts
  An ogre (D:8)
  An eye of draining (D:8)
  A big kobold (D:7)
  A giant frog (D:8)
  3 crimson imps
  3 hounds
  A jelly (D:6)
  An orc priest (D:8)
  An orc wizard (D:7)
  4 worker ants
  3 adders
  An adder zombie (D:6)
  14 orcs
  A ball python (D:4)
  A goblin (D:1)
  2 hobgoblins (D:2)
  6 jackals
  3 quokkas
  A ball python zombie (D:5)
  9 bats
  4 giant newts
  23 kobolds
  A plant (D:7)
91 creatures vanquished.

Vanquished Creatures (others)
  A plant (D:7)
1 creature vanquished.

Grand Total: 92 creatures vanquished

Notes
Turn   | Place    | Note
--------------------------------------------------------------
     0 | D:1      | 4thArraOfDagon the Hill Orc Berserker began the quest for the Orb.
     0 | D:1      | Reached XP level 1. HP: 19/19 MP: 1/1
   361 | D:2      | Reached XP level 2. HP: 27/27 MP: 2/2
   510 | D:2      | Reached skill level 5 in Axes
   510 | D:2      | Reached XP level 3. HP: 33/33 MP: 3/3
   587 | D:4      | Reached ** piety under Trog
   649 | D:4      | Reached XP level 4. HP: 33/41 MP: 4/4
   680 | D:5      | Entered Level 5 of the Dungeon
   738 | D:5      | Found a glowing drain.
   742 | Sewer    | Entered a sewer
   769 | Sewer    | Noticed Purgy
   780 | Sewer    | Killed Purgy
   780 | Sewer    | Reached skill level 5 in Fighting
   780 | Sewer    | Reached skill level 6 in Axes
   780 | Sewer    | Reached XP level 5. HP: 48/48 MP: 5/5
   873 | D:5      | Found a staircase to the Ecumenical Temple.
   972 | D:6      | Found a burning altar of Makhleb.
   976 | D:6      | Reached skill level 7 in Axes
   979 | D:6      | Reached XP level 6. HP: 56/56 MP: 6/6
  1053 | D:7      | Found a stormy altar of Qazlal.
  1139 | D:7      | Noticed an ice beast
  1148 | D:7      | Killed an ice beast
  1148 | D:7      | Reached skill level 8 in Axes
  1148 | D:7      | Reached XP level 7. HP: 55/62 MP: 7/7
  1205 | D:7      | Reached *** piety under Trog
  1351 | D:7      | Found Zezec's Gadget Emporium.
  1472 | D:8      | Reached skill level 9 in Axes
  1526 | D:8      | Reached XP level 8. HP: 71/71 MP: 8/8
  1539 | D:8      | Reached skill level 5 in Armour
  1562 | D:8      | Reached skill level 10 in Axes
  1596 | D:8      | Noticed Psyche
  1610 | D:8      | Killed Psyche
  1638 | D:8      | Noticed Erolcha
  1658 | D:8      | Mangled by Erolcha

Vault maps used:
D:1:      tarquinn_simple_flora_water_d
D:2:      first_bread
D:3:      serial_glass, glass_columns_b, glass_columns_c, glass_columns_c,
          glass_columns_b
D:4:      serial_shops, kennysheep_little_box, uniq_crazy_yiuf_cottage
D:5:      minmay_overflow_temple_star_hex, cheibrodos_ashenzari_chains,
          minmay_temple_entry_mist, lightli_sewer_entry_pipes
D:6:      makhleb_grotto_becter, uniq_prince_ribbit1
D:7:      kennysheep_kobold_camp, serial_shops, kennysheep_mini,
          nicolae_qazlal_general_emergency
D:8:      uniq_psyche, uniq_erolcha, uniq_pikel
Sewer:    sewer_big_baddie

Skill      XL: |  1  2  3  4  5  6  7  8 |
---------------+-------------------------+-----
Axes           | 5 6 7 8 9 10 | 10.9
Fighting       | 4 5 6 7 |  7.1
Armour         | 3 4 5 |  5.7
Dodging        | |  1.5
Stealth        | |  0.3

Action                   |  1- 3 |  4- 6 |  7- 9 || total
-------------------------+-------+-------+-------++-------
Melee: Hand axe          |    65 |    98 |   109 ||   272
Invok: Berserk           |     3 |     4 |     4 ||    11
       Trog's Hand       |       |       |     4 ||     4
  Use: Potion            |       |       |     3 ||     3
  Eat: Chunk             |     2 |     5 |     8 ||    15
